 Dungeon Crawl Stone Soup version 0.26.0-10-g1f06aea511 (webtiles) character file.

Game seed: 5085564544782770948

4473 TreeFish the Conjurer (level 10, -14/74 HPs)
             Began as a Human Conjurer on Jan 13, 2021.
             Was a Believer of Dithmenos.
             Demolished by a death yak (23 damage)
             ... on level 9 of the Dungeon on Jan 14, 2021.
             The game lasted 00:38:46 (11992 turns).

TreeFish the Conjurer (Human Conjurer)             Turns: 11992, Time: 00:38:48

Health: -14/74     AC:  7    Str:  7    XL:     10   Next: 64%
Magic:  8/18       EV: 18    Int: 25    God:    Dithmenos [**....]
Gold:   662        SH:  5    Dex: 12    Spells: 6/20 levels left

rFire    . . .     SeeInvis .   P - +9 flail of Arrival {vorpal, rN+ Str-3 Int+6}
rCold    . . .     Faith    .   a - +0 buckler
rNeg     + . .     Spirit   .   f - +0 leather armour
rPois    +         Reflect  .   (no helmet)
rElec    .         Harm     .   H - +1 cloak {rPois}
rCorr    .         Rampage  .   M - +0 pair of gloves
Will     .....                  s - +0 pair of boots
Stlth    ++++......             y - amulet of the acrobat
HPRegen  0.22/turn              t - ring of wizardry
MPRegen  0.16/turn              L - +4 ring of evasion

@: wreathed by umbra
A: no striking features
a: Renounce Religion, Shadow Step


You were on level 9 of the Dungeon.
You worshipped Dithmenos.
Dithmenos was pleased with you.
You visited 2 branches of the dungeon, and saw 11 of its levels.
You also visited: Sewer.

You collected 662 gold pieces.

Inventory:

Hand Weapons
 b - a +3 dagger of venom
 P - the +9 flail of Arrival (weapon) {vorpal, rN+ Str-3 Int+6}
   (You found it on level 9 of the Dungeon)

   It inflicts extra damage upon your enemies.
   It affects your strength (-3).
   It affects your intelligence (+6).
   It protects you from negative energy.
Missiles
 d - 359 stones
 n - 71 poisoned darts
 D - 2 throwing nets
Armour
 a - a +0 buckler (worn)
 f - a +0 leather armour (worn)
 s - a +0 pair of boots (worn)
 H - a +1 cloak of poison resistance (worn)
 M - a +0 pair of gloves (worn)
 O - a scarf of invisibility
 S - a +0 cloak of willpower
Jewellery
 g - an uncursed amulet of guardian spirit
 t - a ring of wizardry (left hand)
 y - an amulet of the acrobat (around neck)
 E - an uncursed ring of protection from fire
 L - a +4 ring of evasion (right hand)
 N - an uncursed ring of flight
Wands
 m - a wand of iceblast (7)
 u - a wand of flame (2)
 F - a wand of random effects (61)
 K - a wand of paralysis (7)
 Q - a wand of disintegration (10)
Scrolls
 e - 4 scrolls of magic mapping
 i - 7 scrolls of remove curse
 q - 2 scrolls of fog
 v - 2 scrolls of fear
 w - 2 scrolls of immolation
 B - 2 scrolls of amnesia
 G - 3 scrolls of teleportation
 J - 2 scrolls of noise
 R - a scroll of vulnerability {unknown}
Potions
 c - 4 potions of flight {unknown}
 h - 5 potions of might {unknown}
 j - 3 potions of brilliance {unknown}
 k - 8 potions of heal wounds
 l - a potion of curing {unknown}
 o - a potion of cancellation {unknown}
 p - a potion of lignification {unknown}
 r - 2 potions of haste {unknown}
 x - a potion of resistance {unknown}
 z - a potion of attraction {unknown}
 A - a potion of mutation {unknown}
 C - a potion of magic {unknown}
 I - a potion of berserk rage {unknown}


   Skills:
 + Level 5.4 Fighting
 + Level 5.3 Short Blades
 - Level 3.0 Armour
 + Level 6.0 Dodging
 + Level 6.4 Stealth
 - Level 4.0 Shields
 + Level 5.5 Spellcasting
 + Level 6.9 Conjurations


You had 6 spell levels left.
You knew the following spells:

 Your Spells              Type           Power        Failure   Level
a - Magic Dart            Conj           100%         1%          1
c - Searing Ray           Conj           82%          1%          2
d - Fulminant Prism       Conj/Hex       12%          11%         4
e - Iskenderun's Mystic   Conj/Tloc      24%          11%         4
h - Dazzling Flash        Conj/Hex       48%          3%          3

Your spell library contained the following spells:

 Spells                   Type           Power        Failure   Level
 Static Discharge         Conj/Air       24%          3%          3
 Lightning Bolt           Conj/Air       12%          28%         5
 Ignition                 Fire           3%           100%        8
 Shatter                  Erth           3%           100%        9
 Tornado                  Air            3%           100%        9


Dungeon Overview and Level Annotations

Branches:
Dungeon (10/15)            Temple (1/1) D:4            Lair (0/6) D:10
    Orc (0/2) D:9           Sewer (visited)

Altars:
Ashenzari
Cheibriados
Dithmenos
Elyvilon
Fedhas
Gozag
Hepliaklqana
Kikubaaqudgha
Makhleb
Nemelex Xobeh
Okawaru
Qazlal
Ru
Sif Muna
Trog
Uskayaw
Vehumet
Wu Jian
Xom
Yredelemnul
Zin
The Shining One

Shops:
D:4 :

Annotations:
D:4 3 runed translucent doors, Ebobla's ghost, amateur DsBe
D:8 1 runed translucent door


Message History

There is a stone staircase leading up here.
The death yak gores you.
* * * LOW HITPOINT WARNING * * *
You climb upwards.
There is a stone staircase leading down here.
You hit the death yak.
The death yak is almost dead.
The death yak gores you but does no damage.
The death yak gores you!
* * * LOW HITPOINT WARNING * * *
Casting: Searing Ray (safe; 1% risk of failure)
Confirm with . or Enter, or press ? or * to list all spells.
Aiming: Searing Ray (safe; 1% risk of failure)
Press: ? - help, Shift-Dir - straight line, f - death yak
Aim: a death yak (almost dead, umbra, 6% to evade)
The searing ray hits the death yak but does no damage.
The death yak is almost dead. (Press . to maintain the ray.)
The death yak gores you!!
You die...

###########
#.........#
######.........###
#@Y..'............
#.####..........##
##'#############.##
#.....# #..#
#.....# ##>#
#.....# #.# #.....#
#.#
#.....###########.#
#..............##..


You could see a death yak.

Vanquished Creatures
  Maurice (D:8)
  Prince Ribbit (D:6)
  A wyvern (D:9)
  Grum (D:8)
  A water moccasin (D:6)
  2 orc warriors
  3 ice beasts
  3 black bears
  A phantom (D:4)
  3 wolves (D:8)
  3 centaurs
  5 ogres
  Blork the orc (D:5)
  A bullfrog (D:9)
  A big kobold (Sewer)
  A wyvern zombie (D:8)
  A water moccasin skeleton (D:9)
  3 scorpions
  6 wights
  A bullfrog zombie (D:6)
  2 jellies (D:5)
  A centaur zombie (D:6)
  2 bullfrog skeletons
  4 hounds
  2 orc priests
  6 orc wizards
  A centaur skeleton (D:8)
  3 iguanas
  5 worker ants
  A worker ant zombie (D:8)
  10 gnolls
  7 adders
  A white imp (D:7)
  A shadow imp (D:9)
  2 ufetubi
  An adder skeleton (D:4)
  3 worms
  A dart slug (D:2)
  5 leopard geckos
  18 orcs
  6 giant cockroaches
  9 goblins
  7 hobgoblins
  8 jackals
  8 kobolds
  3 quokkas
  A ball python (D:7)
  8 bats
  7 frilled lizards
  A leopard gecko skeleton (D:8)
  A quokka zombie (D:7)
  9 rats
184 creatures vanquished.

Vanquished Creatures (collateral kills)
  A bullfrog (D:8)
1 creature vanquished.

Vanquished Creatures (others)
  4 plants (D:4)
4 creatures vanquished.

Grand Total: 189 creatures vanquished

Notes
Turn   | Place    | Note
-------+----------+-------------------------------------------
     0 | D:1      | TreeFish the Human Conjurer began the quest for the Orb.
     0 | D:1      | Reached XP level 1. HP: 13/13 MP: 3/3
   206 | D:1      | Reached XP level 2. HP: 19/19 MP: 5/5
   209 | D:1      | Learned a level 2 spell: Searing Ray
   255 | D:1      | You fall into a shaft and drop 1 floor!
   856 | D:2      | Reached XP level 3. HP: 25/25 MP: 6/6
  1658 | D:2      | Found a shimmering blue altar of Sif Muna.
  1825 | D:3      | Found a shadowy altar of Dithmenos.
  1853 | D:3      | Became a worshipper of Dithmenos the Shadowed
  1964 | D:3      | Reached XP level 4. HP: 31/31 MP: 7/7
  1970 | D:3      | Reached skill level 1 in Armour
  2178 | D:3      | Reached skill level 1 in Fighting
  2180 | D:3      | Reached skill level 1 in Short Blades
  2233 | D:3      | Reached skill level 1 in Shields
  2233 | D:3      | Reached XP level 5. HP: 37/37 MP: 3/8
  2316 | D:3      | Found an ornate altar of the Wu Jian Council.
  2761 | D:4      | Found a runed translucent gate.
  2762 | D:4      | Found a runed translucent gate.
  2764 | D:4      | Found a runed translucent gate.
  2764 | D:4      | Noticed a big kobold
  2765 | D:4      | Noticed Ebobla's ghost (amateur DsBe)
  2775 | D:4      | Reached * piety under Dithmenos
  2889 | D:4      | Reached XP level 6. HP: 41/43 MP: 2/9
  2969 | D:4      | Noticed an ogre
  3040 | D:4      | Noticed an ogre
  3050 | D:4      | Found Emius's Book Emporium.
  3065 | D:4      | Killed an ogre
  3253 | D:4      | Noticed an ogre
  3262 | D:4      | Killed an ogre
  3417 | D:4      | Noticed a phantom
  3426 | D:4      | Killed a phantom
  3427 | D:4      | Reached XP level 7. HP: 50/50 MP: 1/11
  3949 | D:4      | Found a staircase to the Ecumenical Temple.
  3961 | Temple   | Entered the Ecumenical Temple
  4259 | D:5      | Entered Level 5 of the Dungeon
  4414 | D:5      | Found a glowing drain.
  4419 | Sewer    | Entered a sewer
  4663 | Sewer    | Found a white marble altar of Elyvilon.
  4789 | D:5      | Reached XP level 8. HP: 54/57 MP: 4/12
  4850 | D:5      | Noticed Blork the orc
  4862 | D:5      | Killed Blork the orc
  4863 | D:5      | Reached skill level 5 in Conjurations
  4977 | D:5      | Found a glowing silver altar of Zin.
  5620 | D:6      | Noticed Prince Ribbit
  5637 | D:6      | Killed Prince Ribbit
  5926 | D:6      | Reached ** piety under Dithmenos
  6081 | D:6      | Reached XP level 9. HP: 36/64 MP: 14/14
  6331 | D:6      | Found a white marble altar of Elyvilon.
  7687 | D:7      | Reached skill level 5 in Stealth
  7846 | D:7      | Found a sacrificial altar of Ru.
  8061 | D:7      | Found a blossoming altar of Fedhas.
  8266 | D:8      | Reached skill level 5 in Dodging
  8299 | D:8      | Noticed Maurice
  8796 | D:8      | Learned a level 3 spell: Dazzling Flash
  9252 | D:7      | Reached XP level 10. HP: 71/73 MP: 17/17
  9734 | D:8      | Noticed Grum
  9775 | D:8      | Reached skill level 5 in Spellcasting
  9776 | D:8      | Killed Grum
 10024 | D:8      | Reached *** piety under Dithmenos
 10425 | D:8      | Found a glowing golden altar of the Shining One.
 10425 | D:8      | Found a runed translucent door.
 10425 | D:8      | Noticed an angel
 10474 | D:8      | Reached skill level 5 in Fighting
 10474 | D:8      | Reached skill level 5 in Short Blades
 10889 | D:8      | Killed Maurice
 11021 | D:8      | Learned a level 4 spell: Iskenderun's Mystic Blast
 11026 | D:8      | Learned a level 4 spell: Fulminant Prism
 11100 | D:9      | Got a smoking flail
 11101 | D:9      | Identified the +9 flail of Arrival {vorpal, rN+ Str-3
                  | Int+6} (You found it on level 9 of the Dungeon)
 11299 | D:9      | Found a staircase to the Orcish Mines.
 11869 | D:9      | Upgraded the game from 0.26.0-9-gab577f9fc5 to
                  | 0.26.0-10-g1f06aea511
 11875 | D:10     | Entered Level 10 of the Dungeon
 11945 | D:10     | Noticed a death yak
 11945 | D:10     | Noticed a death yak
 11947 | D:10     | Found a staircase to the Lair.
 11950 | D:10     | Noticed a death yak
 11950 | D:10     | Noticed a death yak
 11977 | D:10     | Noticed a death yak
 11992 | D:9      | Demolished by a death yak

Illustrated notes

Levels and vault maps discovered:
D:1:      minmay_arrival_split_and_join, layout_rooms, corexii_leaking_fountain
D:2:      layout_basic, led_sif_pool, kennysheep_generic_room_12
D:3:      layout_loops_ring, lemuel_coloured_pillars_altar,
          nicolae_dithmenos_through_a_glass_darkly
D:4:      layout_basic, minmay_temple_entry_trees, serial_shops, shop,
          gammafunk_ghost_nasty_kobolds
D:5:      layout_basic, lemuel_crystal_altar, portal_sewer_entry_e,
          uniq_blork_the_orc
D:6:      layout_basic, nicolae_overflow_crystal_walls, lemuel_flamethrower_1,
          uniq_prince_ribbit1
D:7:      layout_basic, lemuel_doored_altar, general_overflow_altar,
          kennysheep_generic_room_9
D:8:      layout_cave_pools, minmay_holes, lemuel_angel_altar, uniq_grum,
          uniq_maurice
D:9:      layout_basic, orc_0_dummy
D:10:     layout_long_grid, dpeg_lair_monsters, jmf_multi_god_temple2
Temple:   regret_index_temple_sphere_string

Skill      XL: |  1  2  3  4  5  6  7  8  9 10 |
---------------+-------------------------------+-----
Armour         | 1 2 3 |  3.0
Fighting       | 1 2 3 4 5 |  5.4
Short Blades   | 1 2 3 4 5 |  5.3
Shields        | 1 2 3 4 |  4.0
Stealth        | 3 4 5 6 |  6.4
Dodging        | 3 4 5 6 |  6.0
Spellcasting   | 3 4 5 |  5.5
Conjurations   | 5 6 |  6.9

Action                   |  1- 3 |  4- 6 |  7- 9 | 10-12 || total
-------------------------+-------+-------+-------+-------++-------
Melee: Dagger            |   101 |    68 |   271 |   108 ||   548
       Flail             |       |       |       |    65 ||    65
       Unarmed           |       |       |       |     9 ||     9
 Cast: Searing Ray       |     1 |    11 |    25 |    12 ||    49
       Magic Dart        |       |       |     3 |     4 ||     7
Invok: Shadow Step       |       |       |       |     1 ||     1
  Use: Scroll            |     3 |       |     5 |     7 ||    15
 Stab: Sleeping          |     7 |     2 |    20 |     2 ||    31
Armor: Robe              |     4 |       |       |       ||     4
       Leather armour    |    28 |    21 |    42 |    35 ||   126
Dodge: Dodged            |    62 |    40 |   194 |   186 ||   482
Block: Buckler           |     8 |    11 |    51 |    47 ||   117
